 Dungeon Crawl Stone Soup version 0.15.0-25-gd84c1e8 (webtiles) character file.

270 Rhoefr the Poker (level 6, 0/48 HPs)
             Began as a Merfolk Gladiator on Sept 10, 2014.
             Slain by an orc wizard
             ... wielding a +0 dagger
              (2 damage)
             ... on Level 4 of the Dungeon.
             The game lasted 00:14:15 (4039 turns).

Rhoefr the Poker (Merfolk Gladiator)                Turns: 4039, Time: 00:14:16

HP   0/48        AC  5     Str 16      XL: 6   Next: 22%
MP   6/6         EV 13     Int 11      God:
Gold 156         SH  0     Dex 16      Spells:  0 memorised,  5 levels left

rFire  . . .     SeeInvis .     a - +0 trident
rCold  . . .     Clarity  .     b - +0 leather armour
rNeg   + . .     rCorr    .     (no shield)
rPois  .         rRot     .     c - +0 helmet
rElec  .         Spirit   .     (no cloak)
SustAb .         Warding  .     (no gloves)
rMut   .         Stasis   .     i - +0 pair of boots
Gourm  .                        m - amulet of faith
MR     .....                    n - ring of positive energy
                                u - +4 ring of intelligence

@: confused, not resistant to hostile enchantments, very unstealthy
A: change form in water, swift swim
a: no special abilities


You were on level 4 of the Dungeon.
You were not hungry.

You visited 1 branch of the dungeon, and saw 4 of its levels.

You collected 156 gold pieces.

Inventory:

Hand weapons
 a - a +0 trident (weapon)
Missiles
 d - 3 throwing nets
 g - 5 tomahawks (quivered)
Armour
 b - a +0 leather armour (worn)
 c - a +0 helmet (worn)
 i - a +0 pair of boots (worn)
Magical devices
 v - a wand of disintegration (13)
Comestibles
 f - 2 bread rations
 j - 2 meat rations
 k - a fruit
 s - a chunk of giant newt flesh
Scrolls
 e - 3 scrolls of identify
 h - 3 scrolls of enchant weapon
 r - a scroll of teleportation
 t - 2 scrolls of fear
Jewellery
 m - an amulet of faith (around neck)
 n - a ring of positive energy (right hand)
 p - an uncursed ring of sustain abilities
 u - a +4 ring of intelligence (left hand)
Potions
 l - a potion of resistance
 o - a potion of magic
 q - a potion of lignification


   Skills:
 + Level 3.7 Fighting
 * Level 7.2 Polearms
 + Level 3.7 Throwing
 - Level 0.2 Armour
 - Level 4.3 Dodging


You had 5 spell levels left.
You didn't know any spells.

Dungeon Overview and Level Annotations

Branches:
Dungeon (4/15)
 Temple: D:4-7

Altars:
Cheibriados
Fedhas
Qazlal
Trog


Message History

The orc priest is heavily wounded.
Something hits you. The orc hits you with a flail. The orc priest hits you.
You closely miss something. Something hits you but does no damage.
The orc priest hits you but does no damage.
The orc hits you with a flail!
* * * LOW HITPOINT WARNING * * *
Unknown command.
Ouch! Something hits you.
* * * LOW HITPOINT WARNING * * *
The orc priest hits you but does no damage.
You barely miss the orc priest.
The orc priest is heavily wounded.
The orc barely misses you. Something hits you.
* * * LOW HITPOINT WARNING * * *
The orc priest hits you.
* * * LOW HITPOINT WARNING * * *
You miss the orc priest.
The orc priest is heavily wounded.
The orc hits you but does no damage. Something hits you.
You die...

.# . . .# ....#.# ##
........# #.#
........+ #.#
#.......# #.# #...
...# #.# #..# #..# #
#.# #..# #oo# #
#.######..###@.#
####.#.........$..#
.....#.#.....####.#
#....................
.#.###.#...########.#
.#.# #.#..........#.#
##.# #.#........#.# .
...# #.#######.##.#
## ####
#............#


You could see an orc priest and an orc.

Vanquished Creatures
  2 scorpions
  An orc wizard (D:4)
  An iguana (D:4)
  3 adders
  An inept feature mimic (D:4)
  A giant mite (D:3)
  2 giant geckos
  6 orcs (D:4)
  A ball python (D:2)
  3 giant cockroaches
  3 goblins
  6 hobgoblins
  10 kobolds
  An ooze (D:1)
  5 bats
  6 giant newts
  A quokka (D:2)
  2 rats (D:2)
55 creatures vanquished.

Notes
Turn   | Place    | Note
--------------------------------------------------------------
     0 | D:1      | Rhoefr, the Merfolk Gladiator, began the quest for the Orb.
     0 | D:1      | Reached XP level 1. HP: 16/16 MP: 1/1
   518 | D:1      | Reached XP level 2. HP: 22/22 MP: 2/2
  1555 | D:2      | Reached XP level 3. HP: 28/28 MP: 3/3
  2012 | D:2      | Reached skill level 5 in Polearms
  2246 | D:3      | Found a snail-covered altar of Cheibriados.
  2248 | D:3      | Found a stormy altar of Qazlal.
  2248 | D:3      | Found a bloodstained altar of Trog.
  2253 | D:3      | Reached XP level 4. HP: 34/34 MP: 4/4
  2474 | D:3      | Reached skill level 6 in Polearms
  2474 | D:3      | Reached XP level 5. HP: 22/41 MP: 5/5
  3059 | D:3      | Found a blossoming altar of Fedhas.
  3549 | D:4      | Reached skill level 7 in Polearms
  3549 | D:4      | Reached XP level 6. HP: 14/47 MP: 6/6
  4038 | D:4      | HP: 2/48 [orc priest (4)]
  4039 | D:4      | Slain by an orc wizard

Action                   |  1- 3 |  4- 6 || total
-------------------------+-------+-------++-------
Melee: Trident           |   128 |   114 ||   242
Throw: Tomahawk          |     2 |       ||     2
  Use: Scroll            |     4 |     5 ||     9
       Potion            |       |     1 ||     1
 Stab: Sleeping          |     2 |       ||     2
  Eat: Chunk             |     3 |     4 ||     7
       Fruit             |     1 |     2 ||     3
